 Dungeon Crawl Stone Soup version 0.20.1-1-g8b1a95d (webtiles) character file.

546 Kingsmith the Covert (level 7, -4/49 HPs)
             Began as a Felid Berserker on Dec 11, 2017.
             Was a Priest of Trog.
             Slain by a sky beast (6 damage)
             ... on level 5 of the Dungeon.
             The game lasted 00:09:47 (4886 turns).

Kingsmith the Covert (Felid Berserker)              Turns: 4886, Time: 00:09:48

Health: -4/49      AC:  2    Str: 18    XL:     7   Next: 6%
Magic:  8/8        EV: 19    Int:  9    God:    Trog [***...]
Gold:   310        SH:  0    Dex: 17    Spells: 6/6 levels left
                                        Lives:  0   Deaths: 2

rFire    . . .     SeeInvis +     - Unarmed
rCold    . . .     Gourm    .   (shield unavailable)
rNeg     . . .     Faith    .   (armour unavailable)
rPois    .         Spirit   .   (helmet unavailable)
rElec    .         Reflect  .   (cloak unavailable)
rCorr    .         Harm     .   (gloves unavailable)
MR       +....                  (boots unavailable)
Stlth    ..........             (no amulet)
Regen    0.2/turn               f - ring of flight
MPRegen  0.2/turn               (no ring)

@: berserking, very quick
A: no armour, no weapons or thrown items, stealth, claws 1, fangs 3, see
invisible, carnivore 3, speed 1, shaggy fur 2, slow metabolism 1, sharp paws
a: Berserk, Trog's Hand, Burn Spellbooks, Renounce Religion, Evoke Flight


You were on level 5 of the Dungeon.
You worshipped Trog.
Trog was most pleased with you.
You were full.

You visited 1 branch of the dungeon, and saw 5 of its levels.

You collected 310 gold pieces.

Inventory:

Jewellery
 f - a ring of flight (left paw)
Wands
 e - a wand of polymorph (5/24)
 j - a wand of digging (11/24)
Scrolls
 b - 3 scrolls of fog
 c - 2 scrolls of immolation
 d - a scroll of magic mapping
 g - a scroll of blinking
 i - 3 scrolls of remove curse
 k - a scroll of teleportation
Potions
 h - a potion of ambrosia
 n - a potion of haste
 o - a potion of brilliance
Comestibles
 a - 4 meat rations
 p - a royal jelly


   Skills:
 + Level 4.6 Fighting
 - Level 4.0 Dodging
 - Level 11.4 Stealth
 - Level 3.0 Unarmed Combat


You had 6 spell levels left.
You didn't know any spells.

Dungeon Overview and Level Annotations

Branches:
Dungeon (5/15)
 Temple: D:4-7

Altars:
Trog

Shops:
D:5 (


Innate Abilities, Weirdness & Mutations

You cannot wear armour.
You are incapable of wielding weapons or throwing items.
Your paws allow you to move quietly. (Stealth)
You have sharp claws.
You have razor-sharp teeth.
You have supernaturally acute eyesight. (SInv)
You are carnivorous and can eat meat at any time.
You cover ground quickly.
You are covered in thick fur. (AC +2)
You have a slow metabolism.
Your sharp claws are effective at attacking unaware monsters.


Message History

The sky beast is heavily wounded.
The sky beast hits you. The sky beast shocks you.
You scratch the sky beast.
The sky beast is severely wounded.
The sky beast hits you. The sky beast shocks you.
You are too injured to fight recklessly!
You are too injured to fight recklessly!
You are too injured to fight recklessly!
A red film seems to cover your vision as you go berserk!
You feel yourself moving faster!
You feel mighty!
You feel a lot less full. The sky beast hits you.
* * * LOW HITPOINT WARNING * * *
The sky beast shocks you.
* * * LOW HITPOINT WARNING * * *
You closely miss the sky beast.
The sky beast is severely wounded.
The sky beast hits you.
* * * LOW HITPOINT WARNING * * *
The sky beast shocks you.
You die...

.# #......'.......##.##....# .#
#......'[.........##....# .#
#......#.....#######....#
.♣####♣......#................#
..)..........#..........(.....#
............##.............(.)###
...........######..............).
..........##......###########..##
.........##..<..@Y# ##.##
........###.......# #..#
######### #.......# ##.#
#.......# #.. #.......# ##.
*****#.......# #. *,,,.........#
## *,,,....###### # *,,,,,,,* #


You could see a sky beast.

Vanquished Creatures
  A water moccasin (D:5)
  A centaur (D:5)
  2 ogres
  A bullfrog zombie (D:5)
  2 crimson imps (D:5)
  A howler monkey (D:4)
  2 orc priests (D:5)
  5 orc wizards
  2 iguanas (D:4)
  A killer bee zombie (D:5)
  A worker ant zombie (D:5)
  4 adders
  An adder skeleton (D:5)
  2 worms
  2 dart slugs
  5 leopard geckos
  22 orcs
  8 bats
  4 giant cockroaches
  8 goblins
  7 hobgoblins
  5 kobolds
  A quokka (D:1)
  6 frilled lizards
  2 jackal zombies (D:5)
  A leopard gecko skeleton (D:5)
  A leopard gecko zombie (D:5)
  5 rats
103 creatures vanquished.

Notes
Turn   | Place    | Note
-------+----------+-------------------------------------------
     0 | D:1      | Kingsmith the Felid Berserker began the quest for the Orb.
     0 | D:1      | Reached XP level 1. HP: 10/10 MP: 2/2
    53 | D:1      | Reached skill level 1 in Stealth
   225 | D:1      | Reached skill level 2 in Stealth
   271 | D:1      | Reached XP level 2. HP: 10/14 MP: 3/3
   493 | D:1      | Reached skill level 3 in Stealth
   871 | D:2      | Found a faded altar of an unknown god.
   878 | D:2      | Reached ** piety under Trog
   878 | D:2      | Reached skill level 4 in Stealth
   878 | D:2      | Reached XP level 3. HP: 17/17 MP: 4/4
  1290 | D:2      | Reached skill level 5 in Stealth
  1533 | D:3      | Reached XP level 4. HP: 21/21 MP: 5/5
  1616 | D:3      | Found a bloodstained altar of Trog.
  1826 | D:4      | Reached skill level 6 in Stealth
  1965 | D:4      | Reached skill level 7 in Stealth
  1965 | D:4      | Reached XP level 5. HP: 24/24 MP: 6/6
  1981 | D:4      | Noticed an ogre
  2047 | D:4      | Reached *** piety under Trog
  2077 | D:4      | Demolished by an ogre
  2078 | D:4      | Reached XP level 4. HP: -19/21 MP: 5/5
  2240 | D:4      | Killed an ogre
  2240 | D:4      | Reached skill level 8 in Stealth
  2240 | D:4      | Reached XP level 5. HP: 19/24 MP: 6/6
  2688 | D:4      | Reached skill level 9 in Stealth
  3491 | D:4      | Gained mutation: You are covered in thick fur. (AC +2) [Felid growth]
  3491 | D:4      | Reached XP level 6. HP: 18/28 MP: 7/7
  3808 | D:5      | Entered Level 5 of the Dungeon
  3820 | D:5      | Noticed a water moccasin
  3833 | D:5      | Killed a water moccasin
  3833 | D:5      | Reached skill level 10 in Stealth
  4003 | D:5      | Found Nacsek's Weapon Boutique.
  4022 | D:5      | Reached skill level 11 in Stealth
  4022 | D:5      | Reached XP level 7. HP: 31/31 MP: 8/8
  4041 | D:5      | Slain by an orc
  4042 | D:5      | Reached XP level 6. HP: 0/28 MP: 7/7
  4435 | D:5      | Reached XP level 7. HP: 20/33 MP: 8/8
  4886 | D:5      | HP: 2/49 [sky beast (2)]
  4886 | D:5      | Slain by a sky beast

Skill      XL: |  1  2  3  4  5  6 |
---------------+-------------------+-----
Stealth        | 2 4 5 8 9 11 | 11.4
Fighting       | 4 |  4.6
Dodging        | |  4.0
Unarmed Combat | |  3.0

Action                   |  1- 3 |  4- 6 |  7- 9 || total
-------------------------+-------+-------+-------++-------
Melee: Unarmed           |   101 |   176 |    39 ||   316
       Bite              |     6 |    16 |     7 ||    29
       Punch             |     3 |     3 |     1 ||     7
Invok: Berserk           |     2 |    13 |     1 ||    16
  Use: Scroll            |       |    12 |     3 ||    15
       Potion            |       |     1 |       ||     1
 Stab: Sleeping          |    11 |     8 |       ||    19
       Distracted        |     1 |       |     1 ||     2
  Eat: Chunk             |    10 |    17 |     4 ||    31
Armor: Skin              |     3 |    12 |     1 ||    16
Dodge: Dodged            |    82 |   161 |    33 ||   276
